← All builds
Geo / Armada / Economy first / OBSERVED BUILD

Standard geo

Armada Geo build order · Supreme Isthmus

Economy-first Geo that rushes geothermal power and T2 constructor, then builds T2 units (mostly Starlight) to send to front while also supplying constructors and rez bots to allies.

Usually blows up the commander for T2 (67%)

#eco #t2 #team support · 837 distinct matches · 118 players · 57% of Armada Geo games · team won 54% of 943 · Recently observed

HOW TO PLAY IT

Key timing: Geothermal Powerplant by 3:26

  1. Open mex and wind, start bot lab immediately.
  2. Finish bot lab and begin feeding army and cons.
  3. Finish geothermal plant to fund the T2 push.
  4. Push T2 constructor, then advanced geothermal by 7:15.
  5. Bring first Starlight to front, switch into T2 con supply for allies.

Phase by phase

TYPICAL OF ITS 837 GAMES
  1. 1
  2. 2
  3. 3
  4. 4
PLAY THE OPENING

Follow the example game's first 6:00 step by step: what to build now, what comes next, and where it goes. At 1× it keeps pace with your own game.

  1. 1

    Up to the Bot Lab

    Economy
    • Metal Extractor2Mex
    • Wind Turbine4Wind
    Order
    1. Bot LabBot Lab after 2 mex, 4 winddone ~1:09, middle half 0:58–1:21

    By 0:52 in all: 2 mex · 4 wind

    The example game in this phase · 3 steps
    1. Mex ×2
    2. Wind ×4
    3. Bot LabBot Labdone 0:59 · typical 1:09
  2. 2

    Bot Lab to 5:00

    Economy
    • Metal Extractor2Mex
    • Wind Turbine3Wind
    • Energy Converter8Converter
    • Energy Storage1Energy storage
    Order
    1. Geothermal PowerplantGeo after 4 mex, 5 wind, 1 energy storage
    2. Bot LabEat Bot Lab
    Builders
    • Construction Turret5 Con turret
    • Lazarus4 Lazarus
    • Construction Bot2 Con bot
    • Construction Bot1 Con bot for allies
    • Lazarus1 Lazarus for allies

    By 5:00 in all: 4 mex · 7 wind · 1 geo · 8 converter · 1 energy storage · 5 con turret

    The example game in this phase · 20 steps
    1. Construction BotCon botfor Beach sea
    2. LazarusLazarus
    3. Mex ×2
    4. LazarusLazarus
    5. LazarusLazarusfor Beach sea
    6. LazarusLazarus
    7. Construction BotCon bot
    8. LazarusLazarus
    9. Energy storage
    10. Con turret
    11. Geothermal PowerplantGeodone 3:12 · typical 3:27
    12. Con turret
    13. Converter ×11
    14. Con turret
    15. PawnPawn
    16. Converter
    17. PawnPawn
    18. Wind
    19. Con turret
    20. Wind ×7
  3. 3

    5:00 to Vehicle Plant

    Order
    1. Advanced Geothermal PowerplantAdvanced Geothermal Powerplant after 8 wind, 10 converter, 6 con turretin 59% of games
    2. Vehicle PlantVehicle Plant after 10 wind, 10 converter, 6 con turretdone ~7:07, middle half 6:41–7:34
    Builders
    • Construction Turret1 Con turret

    Some games also: converter (50%) · wind (47%)

    By 6:59 in all: 4 mex · 10 wind · 1 geo · 1 Advanced Geothermal Powerplant · 10 converter · 1 energy storage

    The example game in this phase · 15 steps
    1. Wind ×3
    2. Bot LabEat Bot Labreclaimed for its metal
    3. Wind ×14
    4. Advanced Metal ExtractorT2 mexdone 5:57 · typical 5:35
    5. Wind ×3
    6. Advanced Metal ExtractorT2 mex
    7. Radar TowerRadar Tower
    8. Wind
    9. PrudePrudedone 7:22
    10. Wind ×2
    11. Advanced Metal ExtractorT2 mex
    12. Wind ×2
    13. Advanced Metal ExtractorT2 mex
    14. Con turret ×2
    15. Vehicle PlantVehicle Plantdone 7:43 · typical 7:07
  4. 4

    Vehicle Plant to 10:00

    Economy
    • Wind Turbine6Wind
    • Energy Converter4Converter
    Order
    1. Advanced Vehicle PlantAdvanced Vehicle Plant after 11 wind, 12 converter, 7 con turret
    2. Vehicle PlantEat Vehicle Plant
    Builders
    • Construction Vehicle1 Con vehicle
    • Advanced Construction Vehicle1 T2 con vehicle for allies
    Army
    • Starlight2 Starlight
    • Umbra1 Jammer
    • Prophet1 Radar vehicle

    Some games also: con turret (50%) · Jaguar (32%) · Radar Tower (30%)

    By 10:00 in all: 4 mex · 21 wind · 1 geo · 1 Advanced Geothermal Powerplant · 16 converter · 1 energy storage

    The example game in this phase · 187 steps
    1. Con turret
    2. BeaverBeaver
    3. GroundhogGroundhog
    4. BeholderBeholder
    5. Advanced Vehicle PlantAdvanced Vehicle Plantdone 8:12 · typical 8:04
    6. Wind
    7. BeholderBeholder
    8. SentrySentry
    9. Wind ×4
    10. Advanced Construction VehicleT2 con vehiclefor Front
    11. Wind
    12. Light MineLight Mine
    13. ConsulConsul
    14. Wind
    15. Light MineLight Mine
    16. ProphetRadar vehicle
    17. Wind
    18. Light MineLight Mine ×2
    19. UmbraJammer
    20. JunoJuno
    21. Light MineLight Mine ×2
    22. StarlightStarlightdone 9:11 · typical 9:03
    23. Light MineLight Mine ×5
    24. Construction VehicleCon vehicle
    25. Light MineLight Mine
    26. StarlightStarlight
    27. Medium MineMedium Mine
    28. Wind ×2
    29. Medium MineMedium Mine
    30. Wind
    31. StarlightStarlight
    32. Wind ×2
    33. BeholderBeholder
    34. Medium MineMedium Mine
    35. Wind
    36. Medium MineMedium Mine
    37. Wind ×2
    38. Medium MineMedium Mine
    39. StarlightStarlight
    40. Wind ×2
    41. Medium MineMedium Mine
    42. Wind
    43. HarpoonHarpoon
    44. Medium MineMedium Mine
    45. Construction VehicleCon vehicle
    46. Wind ×2
    47. StarlightStarlight
    48. Medium MineMedium Mine
    49. Con turret
    50. Wind ×2
    51. BeholderBeholder
    52. Medium MineMedium Mine
    53. Wind
    54. Con turret
    55. Medium MineMedium Mine
    56. Naval Radar / Sonar TowerNaval Radar / Sonar Tower
    57. Con turret
    58. Wind ×2
    59. Medium MineMedium Mine
    60. Wind ×3
    61. Mex
    62. JaguarJaguar
    63. Medium MineMedium Mine
    64. JaguarJaguar
    65. Wind
    66. JaguarJaguar
    67. Medium MineMedium Mine
    68. Wind
    69. JaguarJaguar
    70. Wind
    71. JaguarJaguar
    72. Wind
    73. Medium MineMedium Mine
    74. Wind ×2
    75. RoverScout
    76. Medium MineMedium Mine
    77. RoverScout ×2
    78. Wind
    79. RoverScout ×3
    80. Wind
    81. RoverScout
    82. Medium MineMedium Mine
    83. RoverScout ×2
    84. Wind ×2
    85. RoverScout ×3
    86. Wind
    87. Medium MineMedium Mine
    88. RoverScout ×3
    89. Wind
    90. RoverScout
    91. Wind
    92. RoverScout ×2
    93. Wind
    94. Medium MineMedium Mine
    95. RoverScout ×4
    96. Wind
    97. RoverScout ×3
    98. Medium MineMedium Mine
    99. RoverScout ×4
    100. Wind
    101. RoverScout
    102. JaguarJaguar
    103. RoverScout
    104. Medium MineMedium Mine
    105. JaguarJaguar
    106. RoverScout ×2
    107. Wind
    108. Medium MineMedium Mine
    109. Wind
    110. JaguarJaguar
    111. RoverScout
    112. Wind
    113. RoverScout ×2
    114. Medium MineMedium Mine
    115. RoverScout ×3
    116. Wind
    117. RoverScout ×3
    118. Medium MineMedium Mine
    119. RoverScout ×2
    120. Wind
    121. RoverScout ×5
    122. Medium MineMedium Mine
    123. RoverScout ×4
    124. Wind
    125. RoverScout ×2
    126. Medium MineMedium Mine
    127. RoverScout ×2
    128. Wind
    129. RoverScout
    130. JaguarJaguar
    131. Medium MineMedium Mine
    132. RoverScout
    133. Wind
    134. RoverScout
    135. JaguarJaguar
    136. RoverScout
    137. JaguarJaguar
    138. RoverScout
    139. Medium MineMedium Mine
    140. RoverScout
    141. Wind
    142. JaguarJaguar
    143. RoverScout ×2
    144. Wind
    145. RoverScout
    146. JaguarJaguar
    147. Medium MineMedium Mine
    148. Wind
    149. RoverScout ×4
    150. Wind
    151. RoverScout
    152. Medium MineMedium Mine
    153. RoverScout ×5
    154. Wind
    155. RoverScout
    156. Wind
    157. Medium MineMedium Mine
    158. RoverScout
    159. ProphetRadar vehicle
    160. RoverScout ×2
    161. UmbraJammer
    162. RoverScout ×2
    163. Medium MineMedium Mine
    164. Wind
    165. RoverScout
    166. StarlightStarlight
    167. RoverScout
    168. Wind
    169. Medium MineMedium Mine
    170. Wind
    171. OrcaSubmarinenot finished by 15:00
    172. RoverScout ×2
    173. SentrySentry
    174. RoverScout
    175. StarlightStarlight
    176. RoverScout
    177. Medium MineMedium Mine
    178. Wind
    179. RoverScout
    180. Wind ×2
    181. RoverScout ×2
    182. StarlightStarlight
    183. RoverScout
    184. Wind
    185. SentrySentry
    186. RoverScout
    187. Wind

Counts are medians over the build's games: half of them build more, half fewer. The example game is 0neTw0's (41 OS, 08/10/2026); pick another.

Team trades

IN AT LEAST 30% OF ITS GAMES

You hand over

  • Lazarus1 Lazarus to Beach seafirst at 2:16 · in 78% of games
  • Construction Bot1 Con bot to Beach seafirst at 2:28 · in 88% of games
  • Advanced Construction Vehicle1 T2 con vehicle to Suicide front or Frontfirst at 8:47 · in 64% of games

You get

  • Hercules1 Light transport from Airfirst at 4:20 · in 32% of games
  • Advanced Construction Bot1 T2 con bot from Techfirst at 4:50 · in 94% of games

How it plays out

Typical game of this build, running totals by minute

Metal produced

020k40k
0:005:0010:0015:00

metal

Enemy metal destroyed

05k10k15k
0:005:0010:0015:00

metal

Own metal lost

02k4k6k
0:005:0010:0015:00

metal

943 games.

Show as table
ByMetal produced: This buildEnemy metal destroyed: This buildOwn metal lost: This build
1:0033300
2:0082500
3:00153100
4:00269400
5:00372000
6:00565500
7:00808700
8:0011491042
9:001451354130
10:0017431537260
11:00203831953660
12:002324939131810
13:002606559863205
14:002900183914570
15:0031746105055975
WHAT THE NUMBERS SAY

Standard Geo play, the only build here with a team win rate matching Front at 54%, and by far the heaviest metal producer at 17416 by 10:00.

  • + Metal produced hits 17416 by 10:00, well above every other role at that point.
  • + Starlight makes up 33% of the army composition, a strong T2 presence.
  • − Own metal lost jumps to 6061 by 15:00 after staying at 0 through 10:00, a late spike.
THE EXAMPLE YOU ARE READING

0neTw0

40.9 OS · 08/10/2026

Open source match ↗

3 received units · includes a constructor
7252 metal received · 69888 energy received

Allied construction assistance is unknown. Timings are observations, not a promise of solo reproducibility.

Typical milestones

Bot Lab1:09Middle 50%: 0:58–1:21 · n=942
Geothermal Powerplant3:27Middle 50%: 3:11–3:44 · n=940
Advanced Metal Extractor5:35Middle 50%: 5:19–5:58 · n=937
Vehicle Plant7:07Middle 50%: 6:41–7:34 · n=905
Advanced Geothermal Powerplant7:09Middle 50%: 6:50–7:38 · n=674
Advanced Vehicle Plant8:04Middle 50%: 7:40–8:39 · n=865
Starlight9:03Middle 50%: 8:32–9:47 · n=763

Played most by

0neTw0108games of this buildzeus_on_god107games of this buildXad54games of this buildViltrum49games of this buildDamsko43games of this build